AoeStats
← AOKI_GworK

Arabia

506623868Analyzed
1v1 RM · 18d ago on Sep 14, 2026· 22m 33s· 2 players
Game mode
Random Map
Map size
Tiny (2 player)
Population
200
Speed
Normal
Resources
Standard
Victory
Conquest
Starting age
Dark Age
Ending age
Imperial Age
RankedLock teamsTeams togetherTeam positionsShared explorationLock speedFull tech treeHidden civsTurbo modeCheats
Victory
Defeat
🇩🇪 Italians · Germany
1892
+15
🇫🇷 Bohemians · France
1870
-15
AOKI_GworK
8:39 Loom
11:25 Feudal Age
12:01 Double-Bit Axe
12:47 Horse Collar
15:25 Fletching
20:51 Castle Age
19:06 Padded Archer Armor
21:14 Town Watch
21:29 Bodkin Arrow
21:30 Elite Skirmisher
22:33 Bow Saw
Populus
6:36 Loom
8:52 Feudal Age
13:39 Fletching
18:30 Castle Age
17:52 Padded Archer Armor
18:31 Crossbowman
19:06 Bodkin Arrow
20:02 Double-Bit Axe
20:59 Bow Saw
21:13 Horse Collar
Connection lost

Rejoining the realm…

Still unreachable

The connection could not be restored.

Session expired

The server has moved on; the page needs a fresh start.